 Dungeon Crawl Stone Soup version 0.21.1-1-g345015fe64 (webtiles) character file.

7541 Oravi the Martial Artist (level 11, -9/74 HPs)
             Began as a Merfolk Transmuter on Apr 13, 2018.
             Was a Priest of Qazlal.
             Mangled by SupremeSnack's ghost (13 damage)
             ... on level 10 of the Dungeon.
             The game lasted 00:39:41 (9905 turns).

Oravi the Martial Artist (Merfolk Transmuter)       Turns: 9905, Time: 00:39:42

Health: -9/74      AC:  2    Str: 11    XL:     11   Next: 16%
Magic:  13/14      EV: 33    Int: 15    God:    Qazlal [***...]
Gold:   635        SH:  4    Dex: 20    Spells: 4/14 levels left

rFire    . . .     SeeInvis .     - Unarmed
rCold    . . .     Gourm    .   (shield currently unavailable)
rNeg     . . .     Faith    .   (armour currently unavailable)
rPois    .         Spirit   .   (helmet currently unavailable)
rElec    .         Reflect  .   (cloak currently unavailable)
rCorr    .         Harm     .   (gloves currently unavailable)
MR       .....                  (boots currently unavailable)
Stlth    +.........             (no amulet)
HPRegen  0.22/turn              p - +4 ring of evasion
MPRegen  0.14/turn              D - ring of poison resistance

@: spider-form, berserk cooldown, flying, slowed, very slow
A: tiny, (change form in water), (swift swim), (stealthy swim)
a: End Transformation, Upheaval, Elemental Force, Renounce Religion


You were on level 10 of the Dungeon.
You worshipped Qazlal.
Qazlal was most pleased with you.
You were not hungry.
You were a venomous arachnid creature.
You visited 2 branches of the dungeon, and saw 11 of its levels.

You collected 635 gold pieces.

Inventory:

Missiles
 a - 209 arrows
Armour
 b - a +0 robe (melded)
 j - a +0 pair of boots (melded)
 o - a +0 pair of gloves (melded)
 s - a +2 hat (melded)
 t - a scarf of spirit shield
Jewellery
 p - a +4 ring of evasion (left front leg)
 w - an uncursed ring of flight
 D - a ring of poison resistance (right front leg)
Wands
 m - a wand of flame (21)
 u - a wand of paralysis (7)
 y - a wand of iceblast (16)
 A - a wand of disintegration (8)
 B - a wand of acid (11)
 G - a wand of scattershot (6)
 H - a wand of digging (15)
Scrolls
 e - 2 scrolls of enchant armour
 l - 7 scrolls of amnesia
 q - a scroll of remove curse
 v - 3 scrolls of teleportation
Potions
 f - 2 potions of magic
 g - a potion of ambrosia
 h - a potion of cancellation
 i - 5 potions of haste
 k - 2 potions of brilliance
 n - 2 potions of resistance
 r - a potion of berserk rage
 x - 5 potions of curing
 z - a potion of agility
Books
 c - a book of Changes

   Spells                             Type                      Level
   a - Beastly Appendage              Transmutation                1
   b - Sticks to Snakes               Transmutation                2
   c - Spider Form                    Transmutation/Poison         3
   d - Ice Form                       Ice/Transmutation            4
   e - Blade Hands                    Transmutation                5
 E - a book of Battle

   Spells                             Type                      Level
   a - Infusion                       Charms                       1
   b - Shroud of Golubria             Charms/Translocation         2
   c - Song of Slaying                Charms                       2
   d - Spectral Weapon                Hexes/Charms                 3
   e - Regeneration                   Charms/Necromancy            3
Comestibles
 d - 16 rations
 F - 19 chunks of flesh


   Skills:
 + Level 2.9 Fighting
 * Level 9.1 Dodging
 + Level 11.9 Unarmed Combat
 - Level 2.0 Spellcasting
 * Level 10.7 Transmutations
 * Level 2.5 Ice Magic
 * Level 7.7 Poison Magic


You had 4 spell levels left.
You knew the following spells:

 Your Spells              Type           Power        Failure   Level  Hunger
a - Beastly Appendage     Tmut           ####..       2%          1    #......
b - Sticks to Snakes      Tmut           ####....     3%          2    ###....
c - Spider Form           Tmut/Pois      ####......   7%          3    ###....
d - Ice Form              Ice/Tmut       ###.....     32%         4    #####..


Dungeon Overview and Level Annotations

Branches:
Dungeon (10/15)            Temple (1/1) D:5            Lair (0/6) D:10
    Orc: D:9-12

Altars:
Ashenzari
Cheibriados
Dithmenos
Elyvilon
Fedhas
Gozag
Hepliaklqana
Kikubaaqudgha
Makhleb
Nemelex Xobeh
Okawaru
Qazlal
Ru
Sif Muna
Trog
Uskayaw
Vehumet
Wu Jian
Xom
Yredelemnul
Zin
The Shining One

Shops:
D:5 }

Annotations:
D:6 2 transporters
D:10 SupremeSnack's ghost, journeyman TeHu


Message History

The two-headed ogre looks as sick as possible!
The two-headed ogre is lightly wounded.
You block the two-headed ogre's attack.
The two-headed ogre completely misses you.
You bite the two-headed ogre!
The two-headed ogre looks as sick as possible!
The two-headed ogre is heavily wounded.
Your surroundings suddenly seem different.
You hear a shout!
Found a ration.
SupremeSnack's ghost (journeyman Tengu Hunter) comes into view.
SupremeSnack's ghost completely misses you.
SupremeSnack's ghost barely misses you. SupremeSnack's ghost hits you.
* * * LOW HITPOINT WARNING * * *
Qazlal accepts your kill.
Your Dodging skill increases to level 9!
You feel a bit more experienced. SupremeSnack's ghost hits you!
You die...

#....# #..# #....#
#..# #....# #..#
######## #....#
#..# #......# #..#
#......# #..#
#....%.# #
#......#
....####......##
.......sW.........
##################


You could see SupremeSnack's ghost.

Vanquished Creatures
  2 two-headed ogres (D:10)
  Pikel (D:6)
  A gargoyle (D:9)
  Prince Ribbit (D:6)
  A hippogriff (D:10)
  Sigmund (D:6)
  A human (D:8)
  Eustachio (D:5)
  Menkaure (D:4)
  2 ice beasts
  6 orc warriors
  2 sky beasts
  2 slaves (D:6)
  A black bear (D:9)
  A phantom (D:5)
  7 ogres
  4 centaurs
  A crocodile (D:9)
  A big kobold (D:10)
  6 bullfrogs
  3 scorpions
  6 killer bees
  A howler monkey (D:6)
  6 crimson imps
  3 hounds
  A quasit (D:5)
  2 jellies (D:7)
  A bullfrog skeleton (D:4)
  7 orc priests
  A centaur skeleton (D:6)
  6 iguanas
  11 orc wizards
  5 worker ants
  2 hound zombies
  A hound skeleton (D:7)
  A howler monkey skeleton (D:8)
  10 adders
  11 gnolls
  A shadow imp (D:7)
  3 oozes
  An adder skeleton (D:4)
  An adder zombie (D:5)
  4 worms
  3 dart slugs (D:1)
  7 leopard geckos
  38 orcs
  9 bats
  6 giant cockroaches
  3 hobgoblins
  2 jackals (D:1)
  2 quokkas
  4 frilled lizards
  5 goblins
  18 kobolds
  A leopard gecko zombie (D:6)
  13 rats
242 creatures vanquished.

Vanquished Creatures (collateral kills)
  An iguana (D:5)
  A frilled lizard (D:5)
2 creatures vanquished.

Vanquished Creatures (others)
  A quokka (D:9)
1 creature vanquished.

Grand Total: 245 creatures vanquished

Notes
Turn   | Place    | Note
-------+----------+-------------------------------------------
     0 | D:1      | Oravi the Merfolk Transmuter began the quest for the Orb.
     0 | D:1      | Reached XP level 1. HP: 15/15 MP: 3/3
   180 | D:1      | Reached XP level 2. HP: 19/21 MP: 3/5
   241 | D:1      | Reached skill level 4 in Unarmed Combat
   315 | D:1      | Reached XP level 3. HP: 18/26 MP: 6/6
   327 | D:1      | Learned a level 2 spell: Sticks to Snakes
   331 | D:1      | Learned a level 3 spell: Spider Form
  1468 | D:2      | Reached XP level 4. HP: 28/32 MP: 2/7
  1752 | D:2      | Reached skill level 1 in Poison Magic
  1782 | D:2      | Found a deep blue altar of Sif Muna.
  2164 | D:2      | Reached XP level 5. HP: 37/37 MP: 4/8
  2524 | D:3      | Reached skill level 5 in Unarmed Combat
  2955 | D:3      | Found a burning altar of Makhleb.
  2955 | D:3      | Noticed a balrug
  3440 | D:3      | Reached skill level 5 in Transmutations
  3440 | D:3      | Reached XP level 6. HP: 43/43 MP: 2/9
  3649 | D:4      | Noticed Menkaure
  4047 | D:4      | Reached XP level 7. HP: 42/49 MP: 6/10
  4233 | D:4      | Killed Menkaure
  4331 | D:4      | Reached skill level 6 in Unarmed Combat
  4627 | D:5      | Entered Level 5 of the Dungeon
  4717 | D:5      | Reached XP level 8. HP: 38/56 MP: 7/11
  5012 | D:5      | Found a staircase to the Ecumenical Temple.
  5018 | Temple   | Entered the Ecumenical Temple
  5086 | Temple   | Became a worshipper of Qazlal Stormbringer
  5210 | D:5      | Noticed Eustachio
  5319 | D:5      | Killed Eustachio
  5319 | D:5      | Reached skill level 7 in Unarmed Combat
  5453 | D:5      | Found Gaow's Gadget Shoppe.
  5652 | D:6      | Reached skill level 5 in Dodging
  5892 | D:6      | Found a transporter.
  5903 | D:6      | Reached skill level 5 in Poison Magic
  5971 | D:6      | Reached skill level 8 in Unarmed Combat
  5971 | D:6      | Reached XP level 9. HP: 22/62 MP: 12/12
  6162 | D:6      | Reached * piety under Qazlal
  6271 | D:6      | Found a transporter.
  6329 | D:6      | Noticed Pikel
  6342 | D:6      | Killed Pikel
  6348 | D:6      | Reached skill level 9 in Unarmed Combat
  6422 | D:6      | Noticed Sigmund
  6439 | D:6      | Killed Sigmund
  6595 | D:6      | Noticed Prince Ribbit
  6605 | D:6      | Killed Prince Ribbit
  6744 | D:7      | Found a basalt altar of Yredelemnul.
  6788 | D:7      | Found a shattered altar of Ashenzari.
  6860 | D:7      | Reached XP level 10. HP: 50/69 MP: 13/13
  6910 | D:7      | Reached skill level 10 in Unarmed Combat
  6911 | D:7      | Found a shimmering altar of Xom.
  7583 | D:8      | Reached ** piety under Qazlal
  7672 | D:8      | Reached skill level 10 in Transmutations
  8035 | D:8      | Found an ornate altar of the Wu Jian Council.
  8836 | D:9      | Found a white marble altar of Elyvilon.
  9006 | D:9      | Noticed a gargoyle
  9024 | D:9      | Killed a gargoyle
  9184 | D:9      | Found a blossoming altar of Fedhas.
  9200 | D:9      | Reached *** piety under Qazlal
  9300 | D:9      | Reached skill level 11 in Unarmed Combat
  9313 | D:9      | Learned a level 4 spell: Ice Form
  9570 | D:10     | Entered Level 10 of the Dungeon
  9570 | D:10     | Found a staircase to the Lair.
  9671 | D:10     | Noticed a two-headed ogre
  9682 | D:10     | Killed a two-headed ogre
  9682 | D:10     | Reached skill level 1 in Ice Magic
  9682 | D:10     | Reached XP level 11. HP: 72/74 MP: 10/14
  9879 | D:10     | HP: 4/111 [gargoyle/flail (18)]
  9887 | D:10     | HP: 1/74 [gargoyle/flail (4)]
  9893 | D:10     | Noticed a two-headed ogre
  9900 | D:10     | Noticed SupremeSnack's ghost (journeyman TeHu)
  9903 | D:10     | HP: 3/74 [SupremeSnack's ghost (3)]
  9904 | D:10     | Killed a two-headed ogre
  9905 | D:10     | Mangled by SupremeSnack's ghost

Skill      XL: |  1  2  3  4  5  6  7  8  9 10 11 |
---------------+----------------------------------+-----
Unarmed Combat | 4 5 6 8 9 11 | 11.9
Transmutations | 3 4 5 6 8 9 10 | 10.7
Dodging        | 3 4 5 6 8 9 |  9.1
Poison Magic   | 1 3 4 5 6 7 |  7.7
Fighting       | 2 |  2.9
Ice Magic      | 1 2 |  2.5
Spellcasting   | |  2.0

Action                   |  1- 3 |  4- 6 |  7- 9 | 10-12 || total
-------------------------+-------+-------+-------+-------++-------
Melee: Unarmed           |    89 |   160 |   278 |   244 ||   771
       Headbutt          |     7 |     5 |       |       ||    12
       Punch             |       |     2 |       |       ||     2
 Cast: Beastly Appendage |    11 |     8 |       |       ||    19
       Spider Form       |    10 |    26 |    33 |    27 ||    96
       Sticks to Snakes  |       |       |     7 |       ||     7
  Use: Scroll            |     3 |     4 |     3 |     6 ||    16
       Potion            |       |     3 |     1 |     6 ||    10
 Stab: Sleeping          |       |     1 |       |       ||     1
       Invisible         |       |       |       |     2 ||     2
  Eat: Chunk             |     3 |    10 |    11 |    13 ||    37
       Ration            |       |     1 |     1 |       ||     2
Armor: Robe              |    10 |     3 |     2 |       ||    15
       Skin              |     2 |     7 |    11 |     7 ||    27
Dodge: Dodged            |    70 |   121 |   259 |   188 ||   638
Block: Other             |       |       |     4 |    28 ||    32
